 Dungeon Crawl Stone Soup version 0.21.1-1-g345015f (webtiles) character file.

1509 Mirai the Chopper (level 8, -1/63 HPs)
             Began as a Demonspawn Fighter on Mar 11, 2018.
             Was a Follower of Okawaru.
             Slain by a wight
             ... wielding a +5 hand axe
              (2 damage)
             ... on level 6 of the Dungeon.
             The game lasted 00:12:00 (5573 turns).

Mirai the Chopper (Demonspawn Fighter)              Turns: 5573, Time: 00:12:01

Health: -1/63      AC:  7    Str: 19    XL:     8   Next: 53%
Magic:  8/8        EV: 13    Int: 10    God:    Okawaru [*.....]
Gold:   433        SH:  8    Dex: 12    Spells: 7/7 levels left

rFire    + . .     SeeInvis .   a - +1 war axe
rCold    . . .     Gourm    +   c - +0 shield
rNeg     . . .     Faith    .   B - +2 ring mail "Qeta" {rElec}
rPois    .         Spirit   .   (no helmet)
rElec    +         Reflect  .   (no cloak)
rCorr    .         Harm     .   (no gloves)
MR       +....                  (no boots)
Stlth    ..........             t - amulet of the gourmand
HPRegen  0.20/turn              l - ring of protection from magic
MPRegen  0.11/turn              C - +4 ring of evasion

@: heavily drained
A: hooves 2, fire resistance 1, sturdy frame 1
a: Heroism, Renounce Religion


You were on level 6 of the Dungeon.
You worshipped Okawaru.
Okawaru was aware of your devotion.
You were completely stuffed.

You visited 2 branches of the dungeon, and saw 8 of its levels.

You collected 433 gold pieces.

Inventory:

Hand Weapons
 a - a +1 war axe (weapon)
Armour
 b - a +1 robe of positive energy
 c - a +0 shield (worn)
 B - the +2 ring mail "Qeta" (worn) {rElec}
   (You found it on level 4 of the Dungeon)

   It insulates you from electricity.
Jewellery
 g - an uncursed ring of protection from magic
 h - an uncursed ring of fire
 l - a ring of protection from magic (left hand)
 t - an amulet of the gourmand (around neck)
 v - an uncursed ring of wizardry
 C - a +4 ring of evasion (right hand)
Wands
 x - a wand of acid (8)
 z - a wand of random effects (40)
 F - a wand of enslavement (16)
Scrolls
 k - 5 scrolls of identify
 o - 4 scrolls of remove curse
 s - a scroll of magic mapping
 y - 2 scrolls of immolation
Potions
 e - 2 potions of flight
 i - a potion of mutation {unknown}
 n - a potion of heal wounds {unknown}
 p - a potion of magic {unknown}
 u - a potion of haste {unknown}
 w - a potion of resistance {unknown}
 D - 3 potions of curing {unknown}
 E - a potion of lignification {unknown}
Comestibles
 f - 13 rations


   Skills:
 + Level 5.4(4.1) Fighting
 + Level 7.2(5.8) Axes
 + Level 5.1(3.8) Armour
 + Level 2.7(1.5) Dodging
 - Level 2.6(1.4) Shields
 + Level 0.3(0.0) Invocations


You had 7 spell levels left.
You didn't know any spells.

Dungeon Overview and Level Annotations

Branches:
Dungeon (7/15)             Temple (1/1) D:5

Altars:
Fedhas
Gozag
Makhleb
Okawaru
Qazlal
Sif Muna
Trog
Uskayaw
Vehumet
Wu Jian
The Shining One


Innate Abilities, Weirdness & Mutations

You have hoof-like feet.
Your flesh is heat resistant. (rF+)
Your movements are slightly less encumbered by armour. (ER -2)


Message History

The wight misses you.
The wight hits you from afar with a trident.
* * * LOW HITPOINT WARNING * * *
You feel drained.
* * * LOW HITPOINT WARNING * * *
You aren't carrying or standing over any spellbooks.
The wight hits you with an enchanted hand axe.
* * * LOW HITPOINT WARNING * * *
You feel drained. The wight misses you. You block the wight's attack.
You climb upwards.
There is a stone staircase leading down here.
Unknown command.
You hit the wight.
You destroy the wight!
Okawaru accepts your kill.
You hit the wight.
The wight hits you with an enchanted hand axe.
* * * LOW HITPOINT WARNING * * *
You feel drained.
You die...

# #.#...........#.#.##.# #...# #
#...###......<#.#..#.# #.≈.# #
##.####.......#.##.#.# #.≈.# #
#.##.._......#......# #.≈.#
#....#.#...#......### #...#
######....(..##.####.# #...#
#......#.#......####.# ##'##
####.####.#.#...<..##...# #)(.#
#....#......#...@..##.#.# ##.#.#
.....#.##.###..z)..##.#.# #.###)
.♣...#.##...<...?.......# ##.# #.
.♣........###########.### #.## ##
....##.#### #.# ##.# # #..###.#
#.####.## # #### #.#
#....#.###### ######.##
#.##.........
........#############.###########


You could see a wight.

Vanquished Creatures
  3 orc warriors (D:6)
  An ice beast (D:6)
  A black bear (D:6)
  2 ogres (D:4)
  A centaur (D:5)
  A bullfrog (D:6)
  3 wights
  A howler monkey (D:5)
  A hound (D:6)
  3 orc wizards (D:6)
  2 bullfrog skeletons (D:6)
  2 iguanas
  Ijyb (D:4)
  Natasha (twice) (D:2)
  2 worker ants (D:6)
  A worker ant zombie (D:6)
  A howler monkey zombie (D:6)
  4 gnolls (D:4)
  6 adders
  A shadow imp (D:6)
  2 worms
  2 dart slugs
  5 leopard geckos
  7 orcs (D:6)
  2 ball pythons
  6 bats
  5 giant cockroaches
  5 goblins
  10 hobgoblins
  7 jackals
  4 kobolds
  4 frilled lizards
  A jackal zombie (D:6)
  11 rats
110 creatures vanquished.

Notes
Turn   | Place    | Note
-------+----------+-------------------------------------------
     0 | D:1      | Mirai the Demonspawn Fighter began the quest for the Orb.
     0 | D:1      | Reached XP level 1. HP: 18/18 MP: 1/1
   102 | D:1      | Gained mutation: Your movements are slightly less encumbered by armour. (ER -2) [demonic ancestry]
   102 | D:1      | Reached XP level 2. HP: 9/24 MP: 2/2
   266 | D:1      | Reached skill level 2 in Axes
   355 | D:1      | Gained mutation: You have large cloven feet. [demonic ancestry]
   355 | D:1      | Reached XP level 3. HP: 28/29 MP: 3/3
   853 | D:2      | Noticed Natasha
   861 | D:2      | Killed Natasha
   861 | D:2      | Reached XP level 4. HP: 36/37 MP: 4/4
  1043 | D:2      | Reached skill level 3 in Axes
  1204 | D:2      | Noticed Natasha
  1212 | D:2      | Killed Natasha
  1835 | D:3      | Gained mutation: Your flesh is heat resistant. (rF+) [demonic ancestry]
  1835 | D:3      | Reached XP level 5. HP: 39/42 MP: 5/5
  2044 | D:4      | Noticed an ogre
  2054 | D:4      | Killed an ogre
  2054 | D:4      | Reached skill level 4 in Axes
  2054 | D:4      | Reached skill level 1 in Dodging
  2365 | D:4      | Noticed Ijyb
  2380 | D:4      | Killed Ijyb
  2503 | D:4      | Got a spiked ring mail
  2532 | D:4      | Identified the +2 ring mail "Qeta" {rElec} (You found it on level 4 of the Dungeon)
  2550 | D:4      | Noticed an ogre
  2558 | D:4      | Killed an ogre
  2558 | D:4      | Reached XP level 6. HP: 26/48 MP: 6/6
  3299 | D:5      | Entered Level 5 of the Dungeon
  3641 | D:5      | Found a staircase to the Ecumenical Temple.
  3648 | Temple   | Entered the Ecumenical Temple
  3671 | Temple   | Became a worshipper of Warmaster Okawaru
  3759 | D:5      | Found an opulent altar of Gozag.
  4000 | D:5      | Gained mutation: You have hoof-like feet. [demonic ancestry]
  4000 | D:5      | Reached XP level 7. HP: 55/55 MP: 7/7
  4044 | D:5      | Reached skill level 5 in Axes
  4210 | D:6      | Found a bloodstained altar of Trog.
  4210 | D:6      | Found a blossoming altar of Fedhas.
  4460 | D:6      | Reached skill level 6 in Axes
  4618 | D:6      | Reached * piety under Okawaru
  4618 | D:6      | Reached XP level 8. HP: 61/61 MP: 8/8
  4806 | D:6      | Reached skill level 5 in Fighting
  4874 | D:6      | Reached skill level 5 in Armour
  5568 | D:7      | Reached skill level 7 in Axes
  5573 | D:6      | HP: 1/63 [wight/enchanted hand axe (6)]
  5573 | D:6      | Slain by a wight

Skill      XL: |  1  2  3  4  5  6  7  8 |
---------------+-------------------------+-----
Armour         | 3 4 5 |  5.1
Axes           | 2 3 4 6 7 |  7.2
Fighting       | 4 5 |  5.4
Dodging        | 1 2 |  2.7
Shields        | |  2.6
Invocations    | |  0.3

Action                   |  1- 3 |  4- 6 |  7- 9 || total
-------------------------+-------+-------+-------++-------
Melee: War axe           |    96 |   131 |   127 ||   354
       Kick              |     3 |    26 |    31 ||    60
Invok: Heroism           |       |       |     2 ||     2
  Use: Potion            |       |       |     1 ||     1
       Scroll            |       |       |     8 ||     8
  Eat: Chunk             |       |    20 |     7 ||    27
Armor: Scale mail        |    42 |    42 |       ||    84
       Chain mail        |       |     6 |       ||     6
       Ring mail         |       |    14 |    42 ||    56
Dodge: Dodged            |    24 |    58 |    75 ||   157
Block: Shield            |    46 |    68 |    79 ||   193
